 Dungeon Crawl Stone Soup version 0.29-a0-845-g6161e89988 (webtiles) character file.

Game seed: 17481796428681016806

9 mathmaestro the Grave Robber (level 2, 20/20 HPs)
             Began as a Demonspawn Necromancer on July 15, 2022.
             Quit the game on level 1 of the Dungeon.
             The game lasted 00:01:10 (260 turns).

mathmaestro the Grave Robber (DsNe)                  Turns: 260, Time: 00:01:11

Health: 20/20      AC:  2    Str:  8    XL:     2   Next: 3%
Magic:  1/5        EV: 12    Int: 16    God:
Gold:   0          SH:  0    Dex: 13    Spells: 4/5 levels left

rFire   . . .      SeeInvis .   f - +0 short sword
rCold   . . .      Faith    .   (no shield)
rNeg    . . .      Spirit   .   a - +0 robe
rPois   .          Reflect  .   (no helmet)
rElec   .          Harm     .   (no cloak)
rCorr   .          Rampage  .   (no gloves)
Will    .....                   (no boots)
Stlth   ++........              (no amulet)
HPRegen 0.06/turn               (no ring)
MPRegen 0.09/turn               (no ring)

@: no status effects
A: sanguine armour 1
a: no special abilities


You were on level 1 of the Dungeon.
You visited 1 branch of the dungeon, and saw 1 of its levels.

Inventory:

Hand Weapons
 f - a +0 short sword (weapon)
Armour
 a - a +0 robe (worn)
Potions
 b - a potion of magic
 c - a potion of resistance {unknown}
 e - a potion of brilliance {unknown}


   Skills:
 + Level 0.4 Fighting
 + Level 0.2 Armour
 + Level 1.9 Dodging
 + Level 2.0 Stealth
 + Level 2.1 Spellcasting
 + Level 4.4 Necromancy


You had 4 spell levels left.
You knew the following spells:

 Your Spells              Type           Power      Damage    Failure   Level
a - Necrotise             Necr           64%        1d7       3%          1

Your spell library contained the following spells:

 Spells                   Type           Power      Damage    Failure   Level
 Vampiric Draining        Necr           16%        2d7       10%         3
 Animate Dead             Necr           16%        N/A       32%         4
 Agony                    Necr           16%        N/A       65%         5


Dungeon Overview and Level Annotations

Branches:
Dungeon (1/15)

Altars:


Innate Abilities, Weirdness & Mutations

When seriously injured, your blood forms armour. (AC +0)


Message History

Something hits your ball python skeleton.
Something hits your ball python skeleton.
Something barely misses your ball python skeleton.
Something hits your ball python skeleton.
Your ball python skeleton is destroyed!
You start resting.
A goblin is nearby!
You hit the goblin.
You kill the goblin!
Things that are here:
a +0 club; a goblin corpse You start resting.
Magic restored.
A goblin comes into view. It is wielding a +0 club.
A goblin is nearby!
A goblin is nearby!
A rat comes into view.
Casting: Necrotise (safe; 3% risk of failure)
Confirm with . or Enter, or press ? or * to list all spells.
Aiming: Necrotise (safe; 3% risk of failure)
Press: ? - help, Shift-Dir - straight line, f - rat
Aim: a rat (chance to affect: 85%)
The rat writhes in agony.
You kill the rat!
The dead are walking!
A kobold comes into view. It is wielding a +0 short sword.
Casting: Necrotise (safe; 3% risk of failure)
Confirm with . or Enter, or press ? or * to list all spells.
Aiming: Necrotise (safe; 3% risk of failure)
Press: ? - help, Shift-Dir - straight line, f - kobold
Aim: a kobold, wielding a +0 short sword and quivering stones (asleep, ally target, chance to affect: 85%)
The kobold shouts!
The kobold writhes in agony.
You kill the kobold!
The dead are walking!
Your Stealth skill increases to level 2!
You have reached level 2!
Your demonic ancestry asserts itself...
You feel your blood ready itself to protect you.
Are you sure you want to abandon this character and quit the game? (Confirm with "yes".)

...#.≈≈≈≈≈≈≈..#
##....#######..#
##.#.#...g.#..####
#.#.###.###g....#
.# . #.#....##.#
+# .#.#....# #
.....##.#
##..###Z##.# #
##....@...# #
###...#### +
....... #
####...## # ##.)#
##.# #Z# #.#


You could see a goblin, a friendly rat skeleton and a friendly kobold skeleton.

Vanquished Creatures
  2 goblins (D:1)
  A hobgoblin (D:1)
  A kobold (D:1)
  A ball python (D:1)
  A frilled lizard (D:1)
  3 rats (D:1)
9 creatures vanquished.

Notes
Turn   | Place    | Note
-------+----------+-------------------------------------------
     0 | D:1      | mathmaestro the Demonspawn Necromancer began the quest for
                  | the Orb.
     0 | D:1      | Reached XP level 1. HP: 13/13 MP: 3/3
   260 | D:1      | Gained mutation: When seriously injured, your blood forms
                  | armour. (AC +0) [demonic ancestry]
   260 | D:1      | Reached XP level 2. HP: 20/20 MP: 1/5
   260 | D:1      | Quit the game

Illustrated notes

Levels and vault maps discovered:
D:1:      dpeg_arrival_pond, layout_loops_corners, grunt_decor_cap,
          minmay_box_of_dots

Skill      XL: |  1 |
---------------+----+-----
Stealth        | 2 |  2.0
Fighting       | |  0.4
Armour         | |  0.2
Dodging        | |  1.9
Spellcasting   | |  2.1
Necromancy     | |  4.4

Action                   || total
-------------------------++-------
Melee: Short sword       ||     1
 Cast: Necrotise         ||    12
Armor: Robe              ||     1
Dodge: Dodged            ||     2

Table legend: (Time is in decaauts)
 A = Elapsed time spent in this place.
 B = Non-inter-level travel time spent in this place.
 C = Inter-level travel time spent in this place.
 D = Time resting spent in this place.
 E = Time spent auto-exploring this place.
 F = Levels seen in this place.
 G = Mean time per level.
                   A        B        C        D        E       F      G
               +--------+--------+--------+--------+--------+-----+--------+
         Total |    259 |    259 |      0 |     50 |    140 |   1 |  259.0 |
       Dungeon |    259 |    259 |      0 |     50 |    140 |   1 |  259.0 |
               +--------+--------+--------+--------+--------+-----+--------+

Top non-repeatable levels by time:
     D:1: 259 daAuts
